[Event "WYCC U18 Open 2019"]
[Site "Mumbai"]
[Date "2019.10.04"]
[Round "4.1"]
[White "Iniyan, P."]
[Black "Gholami, Aryan"]
[Result "1/2-1/2"]
[ECO "B43"]
[WhiteElo "2509"]
[BlackElo "2554"]
[Annotator "ChessBase"]
[PlyCount "97"]
[EventDate "2019.10.02"]
[EventType "swiss"]
[EventCountry "IND"]
[SourceTitle "playchess.com"]
[Source "ChessBase"]
[SourceQuality "1"]
[TimeControl "40/5400+30:1800+30"]

1. e4 c5 2. Nf3 e6 3. d4 cxd4 4. Nxd4 a6 5. Nc3 b5 6. Bd3 Qb6 7. Nf3 Qc7 8. O-O Bb7 9. Re1 Nf6 10. h3 d6 11. Bd2 Nbd7 12. a4 b4 13. Na2 Nc5 14. Bxb4 Ncxe4 15. a5 Be7 16. Bxe4 Nxe4 17. Nc3 Nxc3 18. Bxc3 O-O 19. Nd4 Rfe8 20. f4 e5 21. Nf5 Bf8 22. Qg4 g6 23. fxe5 dxe5 24. Qg5 Qc6 25. Re2 f6 26. Nh6+ Kh8 27. Qh4 Qe6 28. Rf1 Bg7 29. Rxe5 Qc6 30. Rxe8+ Rxe8 31. Rf2 f5 32. Nf7+ Kg8 33. Nh6+ Kh8 34. Nf7+ Kg8 35. Nd8 Qe4 36. Qxe4 Bxe4 37. Bxg7 Kxg7 38. Rd2 Kf6 39. Rd7 Bxc2 40. Nb7 Re1+ 41. Kf2 Rb1 42. Rd2 Rxb2 43. Nc5 Ra2 44. Re2 g5 45. g4 Kg6 46. Re6+ Kg7 47. Re7+ Kf6 48. Re2 fxg4 49. hxg4 {[%emt 0:00:00] Ke5} 1/2-1/2

[Event "WYCC U18 Open 2019"]
[Site "Mumbai"]
[Date "2019.10.04"]
[Round "4.2"]
[White "Praggnanandhaa R"]
[Black "Petriashvili, Nikoloz"]
[Result "1-0"]
[ECO "B30"]
[WhiteElo "2567"]
[BlackElo "2441"]
[Annotator "ChessBase"]
[PlyCount "79"]
[EventDate "2019.10.02"]
[EventType "swiss"]
[EventCountry "IND"]
[SourceTitle "playchess.com"]
[Source "ChessBase"]
[SourceQuality "1"]
[TimeControl "40/5400+30:1800+30"]

1. e4 c5 2. Nf3 Nc6 3. Bb5 e6 4. O-O Nge7 5. d4 cxd4 6. Nxd4 a6 7. Be2 Nxd4 8. Qxd4 Nc6 9. Qc3 b5 10. Rd1 Qc7 11. Bg5 Bb7 12. Nd2 h6 13. Bh4 Rc8 14. a4 b4 15. Qe3 Bd6 16. Nc4 Bxh2+ 17. Kh1 Bf4 18. Qc5 d6 19. Nxd6+ Bxd6 20. Rxd6 O-O 21. Bd3 e5 22. Bg3 Qe7 23. Rd5 Rfe8 24. a5 f6 25. Qxe7 Rxe7 26. Rc5 Nd4 27. Rxc8+ Bxc8 28. Ra4 Nc6 29. f3 Kh7 30. b3 Re8 31. Be1 Rd8 32. Kg1 Be6 33. Bxa6 Nd4 34. Ra2 Rb8 35. Bd3 Nc6 36. a6 Ra8 37. Bf2 Bc8 38. Ra4 Bd7 39. Bb5 Be8 40. a7 1-0

[Event "WYCC U18 Open 2019"]
[Site "Mumbai"]
[Date "2019.10.04"]
[Round "4.3"]
[White "Buckels, Valentin"]
[Black "Sargsyan, Shant"]
[Result "1/2-1/2"]
[ECO "A49"]
[WhiteElo "2442"]
[BlackElo "2580"]
[Annotator "ChessBase"]
[PlyCount "52"]
[EventDate "2019.10.02"]
[EventType "swiss"]
[EventCountry "IND"]
[SourceTitle "playchess.com"]
[Source "ChessBase"]
[SourceQuality "1"]
[TimeControl "40/5400+30:1800+30"]

1. Nf3 Nf6 2. d4 g6 3. g3 Bg7 4. Bg2 d6 5. c4 O-O 6. O-O Ne4 7. Nbd2 Nxd2 8. Qxd2 e5 9. dxe5 dxe5 10. Qxd8 Rxd8 11. Bg5 f6 12. Rad1 Re8 13. Be3 f5 14. Ne1 c6 15. Bc5 a5 16. Bd6 e4 17. b3 Be6 18. f3 Nd7 19. fxe4 fxe4 20. Rf4 Nf6 21. Nc2 Rad8 22. Rff1 Bg4 23. Rfe1 e3 24. Bf4 Rxd1 25. Rxd1 Bxe2 26. Rd6 Ng4 1/2-1/2

[Event "WYCC U18 Open 2019"]
[Site "Mumbai"]
[Date "2019.10.04"]
[Round "4.4"]
[White "Gumularz, Szymon"]
[Black "Mitrabha, Guha"]
[Result "1/2-1/2"]
[ECO "B12"]
[WhiteElo "2505"]
[BlackElo "2434"]
[Annotator "ChessBase"]
[PlyCount "61"]
[EventDate "2019.10.02"]
[EventType "swiss"]
[EventCountry "IND"]
[SourceTitle "playchess.com"]
[Source "ChessBase"]
[SourceQuality "1"]
[TimeControl "40/5400+30:1800+30"]

1. e4 c6 2. d4 d5 3. e5 Bf5 4. Nf3 e6 5. Be2 c5 6. Be3 cxd4 7. Nxd4 Ne7 8. O-O Nbc6 9. Bb5 a6 10. Bxc6+ bxc6 11. c4 Qd7 12. Nc3 dxc4 13. Na4 Nd5 14. Nxf5 exf5 15. Rc1 c3 16. Qc2 cxb2 17. Qxb2 Be7 18. e6 fxe6 19. Qxg7 Bf6 20. Qh6 Bg7 21. Qh5+ Qf7 22. Qf3 O-O 23. Nb6 Rad8 24. Rxc6 Nxe3 25. Qxe3 e5 26. Nc4 f4 27. Qe2 Rd4 28. Rd1 f3 29. gxf3 Rxd1+ 30. Qxd1 e4 31. Ne3 1/2-1/2

[Event "WYCC U18 Open 2019"]
[Site "Mumbai"]
[Date "2019.10.04"]
[Round "4.5"]
[White "Zarubitski, Viachaslau"]
[Black "Pultinevicius, Paulius"]
[Result "1-0"]
[ECO "C60"]
[WhiteElo "2435"]
[BlackElo "2503"]
[Annotator "ChessBase"]
[PlyCount "49"]
[EventDate "2019.10.02"]
[EventType "swiss"]
[EventCountry "IND"]
[SourceTitle "playchess.com"]
[Source "ChessBase"]
[SourceQuality "1"]
[TimeControl "40/5400+30:1800+30"]

1. e4 e5 2. Nf3 Nc6 3. Bb5 g6 4. O-O Bg7 5. c3 a6 6. Ba4 Nge7 7. d4 b5 8. Bb3 exd4 9. cxd4 O-O 10. h3 d6 11. Nc3 h6 12. d5 Na5 13. Bc2 c6 14. Rb1 Re8 15. dxc6 Nexc6 16. Nd5 Nc4 17. b3 N4e5 18. Be3 Nxf3+ 19. Qxf3 Nd4 20. Qd1 Nxc2 21. Qxc2 Bb7 22. Qd3 Qa5 23. Rbc1 Qxa2 24. Rc7 Bc8 25. Bd4 1-0

[Event "WYCC U18 Open 2019"]
[Site "Mumbai"]
[Date "2019.10.04"]
[Round "4.6"]
[White "Arjun Kalyan"]
[Black "Davtyan, Artur"]
[Result "1-0"]
[ECO "C50"]
[WhiteElo "2483"]
[BlackElo "2418"]
[Annotator "ChessBase"]
[PlyCount "91"]
[EventDate "2019.10.02"]
[EventType "swiss"]
[EventCountry "IND"]
[SourceTitle "playchess.com"]
[Source "ChessBase"]
[SourceQuality "1"]
[TimeControl "40/5400+30:1800+30"]

1. e4 e5 2. Nf3 Nc6 3. Bc4 Bc5 4. O-O Nf6 5. d3 O-O 6. Bg5 h6 7. Bh4 Be7 8. Bg3 d6 9. a4 Bg4 10. h3 Bh5 11. c3 Nh7 12. Nbd2 Ng5 13. Qe2 a5 14. Qe3 Qd7 15. Nxg5 hxg5 16. f3 Bf6 17. Bf2 Ne7 18. Rfd1 Rfe8 19. Nf1 d5 20. Bb3 Bg6 21. Nh2 Bh5 22. Ng4 Bxg4 23. fxg4 Rad8 24. Qf3 Qc6 25. g3 Rd6 26. h4 gxh4 27. Rf1 dxe4 28. dxe4 hxg3 29. Be3 Ng6 30. g5 Nf4 31. Bd5 Qd7 32. Bxf4 exf4 33. gxf6 Rxf6 34. Kg2 c6 35. Bc4 Rh6 36. Rh1 Qd2+ 37. Be2 Rxe4 38. Qxe4 Re6 39. Rad1 Qxe2+ 40. Qxe2 Rxe2+ 41. Kf3 Rf2+ 42. Kg4 g6 43. Rhg1 c5 44. Rd3 f5+ 45. Kg5 Kf7 46. Re1 1-0

[Event "WYCC U18 Open 2019"]
[Site "Mumbai"]
[Date "2019.10.04"]
[Round "4.7"]
[White "Mendonca, Leon Luke"]
[Black "Garidmagnai, Byambasuren"]
[Result "1/2-1/2"]
[ECO "A05"]
[WhiteElo "2388"]
[BlackElo "2327"]
[Annotator "NA"]
[PlyCount "125"]
[EventDate "2019.10.02"]
[EventType "swiss"]
[EventCountry "IND"]
[SourceTitle "playchess.com"]
[Source "ChessBase"]
[SourceQuality "1"]
[TimeControl "40/5400+30:1800+30"]

1. Nf3 Nf6 2. b3 d6 3. d4 g6 4. Bb2 Bg7 5. e3 O-O 6. Be2 b6 7. O-O Bb7 8. c4 Nbd7 9. Nc3 Ne4 10. Nxe4 Bxe4 11. Qd2 e5 12. Rad1 Qe7 13. Bc3 a5 14. dxe5 Nxe5 15. Nd4 Rae8 16. Nb5 f5 17. Ba1 Bb7 18. Nc3 Nd7 19. Nd5 Bxd5 20. Qxd5+ Qf7 21. Qxf7+ Kxf7 22. Bf3 Bxa1 23. Rxa1 Ne5 24. Bd5+ Kf6 25. g3 g5 26. Rfd1 h5 27. Rd4 Ng6 28. a3 f4 29. exf4 gxf4 30. b4 axb4 31. axb4 h4 32. Kg2 Kf5 33. Ra7 Re2 34. Bf3 Re7 35. c5 dxc5 36. bxc5 bxc5 37. Rc4 Rg8 38. Rxc5+ Ne5 39. Ra4 fxg3 40. hxg3 hxg3 41. fxg3 Rd8 42. Ra2 Rd4 43. Re2 Kf6 44. Ba8 Ra4 45. Be4 Rc4 46. Ra5 Rd4 47. Bc2 c6 48. Ra1 Kg7 49. Rae1 Rd5 50. Bb1 c5 51. Rc1 Red7 52. Kh3 c4 53. Rc3 Rc5 54. Rce3 Nf7 55. Rc3 Rd4 56. Kg2 Rcd5 57. Ba2 Ne5 58. Rce3 Kf6 59. Rf2+ Kg5 60. Rfe2 Kf6 61. Rf2+ Kg5 62. Rfe2 Kf6 63. Rf2+ 1/2-1/2

[Event "WYCC U18 Open 2019"]
[Site "Mumbai"]
[Date "2019.10.04"]
[Round "4.8"]
[White "Aditya Mittal"]
[Black "Rahul Srivatshav P"]
[Result "1-0"]
[ECO "E73"]
[WhiteElo "2430"]
[BlackElo "2460"]
[Annotator "ChessBase"]
[PlyCount "132"]
[EventDate "2019.10.02"]
[EventType "swiss"]
[EventCountry "IND"]
[SourceTitle "playchess.com"]
[Source "ChessBase"]
[SourceQuality "1"]
[TimeControl "40/5400+30:1800+30"]

1. d4 Nf6 2. c4 g6 3. Nc3 Bg7 4. e4 d6 5. Be2 O-O 6. Be3 c5 7. dxc5 Qa5 8. Bd2 Qxc5 9. Nf3 Qc7 10. O-O b6 11. h3 Bb7 12. Bd3 Nbd7 13. Qe2 Rac8 14. Rac1 Qb8 15. b4 e6 16. Bf4 Nh5 17. Be3 f5 18. exf5 exf5 19. Nd5 Rce8 20. Qd1 Kh8 21. Re1 Nhf6 22. Nxf6 Bxf6 23. Bf1 Bg7 24. Bd4 Ne5 25. Nd2 Qd8 26. Ba1 g5 27. c5 dxc5 28. bxc5 Bd5 29. Nc4 Bxc4 30. Qxd8 Rxd8 31. Bxe5 Bxf1 32. Kxf1 bxc5 33. Rxc5 Rf7 34. g3 h6 35. Rc6 Bxe5 36. Rxe5 Kg7 37. Ree6 f4 38. gxf4 Rd2 39. Rg6+ Kf8 40. Rc8+ Ke7 41. Rc7+ Kf8 42. Rc8+ Ke7 43. Rc7+ Kf8 44. Rxf7+ Kxf7 45. Rxh6 gxf4 46. Rh7+ Kg6 47. Rxa7 f3 48. Kg1 Kg5 49. Ra4 Rc2 50. a3 Ra2 51. Kh2 Rxf2+ 52. Kg3 Rc2 53. h4+ Kh5 54. Kxf3 Rc3+ 55. Ke2 Rh3 56. Kd2 Kg6 57. Kc2 Rh2+ 58. Kb3 Rh3+ 59. Kb4 Rxh4+ 60. Kb5 Rh5+ 61. Kc6 Rh3 62. Ra6 Kf7 63. a4 Ke7 64. a5 Rc3+ 65. Kb7 Kd7 66. Rf6 Rc6 1-0

[Event "WYCC U18 Open 2019"]
[Site "Mumbai"]
[Date "2019.10.04"]
[Round "4.9"]
[White "Gazik, Viktor"]
[Black "Aliyev, Ravan"]
[Result "1-0"]
[ECO "E62"]
[WhiteElo "2546"]
[BlackElo "2341"]
[Annotator "ChessBase"]
[PlyCount "69"]
[EventDate "2019.10.02"]
[EventType "swiss"]
[EventCountry "IND"]
[SourceTitle "playchess.com"]
[Source "ChessBase"]
[SourceQuality "1"]
[TimeControl "40/5400+30:1800+30"]

1. d4 Nf6 2. Nf3 g6 3. g3 Bg7 4. Bg2 O-O 5. c4 d6 6. O-O c6 7. Nc3 Bf5 8. Re1 Ne4 9. Qb3 Nxc3 10. bxc3 b6 11. e4 Bg4 12. e5 Bxf3 13. exd6 e5 14. Bxf3 exd4 15. cxd4 Bxd4 16. Bb2 Bxb2 17. Qxb2 Qxd6 18. Rad1 Qc7 19. Qf6 Qc8 20. g4 a5 21. h4 Ra7 22. h5 h6 23. Rd6 Rd7 24. hxg6 fxg6 25. Qxg6+ Rg7 26. Qh5 Qf5 27. Qxf5 Rxf5 28. Kg2 Rf8 29. Rxh6 Rgf7 30. Rg6+ Kh7 31. Be4 Rxf2+ 32. Kg3 R2f3+ 33. Kh4 R3f7 34. Rg5+ Kh6 35. Rh1 1-0

[Event "WYCC U18 Open 2019"]
[Site "Mumbai"]
[Date "2019.10.04"]
[Round "4.10"]
[White "Raghunandan, Kaumandur Srihari"]
[Black "Manish Anto Cristiano F"]
[Result "1-0"]
[ECO "D44"]
[WhiteElo "2449"]
[BlackElo "2320"]
[Annotator "NA"]
[PlyCount "45"]
[EventDate "2019.10.02"]
[EventType "swiss"]
[EventCountry "IND"]
[SourceTitle "playchess.com"]
[Source "ChessBase"]
[SourceQuality "1"]
[TimeControl "40/5400+30:1800+30"]

1. d4 Nf6 2. c4 e6 3. Nf3 d5 4. Nc3 c6 5. Bg5 h6 6. Bh4 dxc4 7. e4 b5 8. e5 g5 9. Nxg5 hxg5 10. Bxg5 Be7 11. exf6 Bxf6 12. Be3 Nd7 13. Qf3 Bb7 14. g3 Rb8 15. Ne4 Be7 16. O-O-O c5 17. dxc5 Qc7 18. Bg2 f5 19. c6 Ne5 20. Bf4 fxe4 21. Qxe4 Bxc6 22. Qxe5 Qxe5 23. Bxc6+ 1-0

[Event "WYCC U18 Open 2019"]
[Site "Mumbai"]
[Date "2019.10.04"]
[Round "4.11"]
[White "Sydoryka, Vladyslav"]
[Black "Blohberger, Felix"]
[Result "1-0"]
[ECO "A20"]
[WhiteElo "2247"]
[BlackElo "2448"]
[Annotator "NA"]
[PlyCount "50"]
[EventDate "2019.10.02"]
[EventType "swiss"]
[EventCountry "IND"]
[SourceTitle "playchess.com"]
[Source "ChessBase"]
[SourceQuality "1"]
[TimeControl "40/5400+30:1800+30"]

1. c4 e5 2. g3 Nc6 3. Bg2 Bc5 4. Nc3 d6 5. e3 a6 6. Nge2 Ba7 7. d4 h5 8. h4 Nf6 9. a3 O-O 10. O-O Bg4 11. f3 exd4 12. exd4 Be6 13. b3 Qd7 14. Kh2 Bf5 15. Bg5 Nh7 16. Be3 Rfe8 17. Bf2 Ne7 18. Nf4 Nf6 19. Ra2 Ng6 20. Nfd5 Nxd5 21. Nxd5 Nf8 22. Nf4 g6 23. Nd5 Kg7 24. Ne3 c6 25. Nxf5+ Qxf5 1-0

[Event "WYCC U18 Open 2019"]
[Site "Mumbai"]
[Date "2019.10.04"]
[Round "4.12"]
[White "Zhalmakhanov, Ramazan"]
[Black "Srijit Paul"]
[Result "1/2-1/2"]
[ECO "B46"]
[WhiteElo "2374"]
[BlackElo "2317"]
[Annotator "NA"]
[PlyCount "73"]
[EventDate "2019.10.02"]
[EventType "swiss"]
[EventCountry "IND"]
[SourceTitle "playchess.com"]
[Source "ChessBase"]
[SourceQuality "1"]
[TimeControl "40/5400+30:1800+30"]

1. e4 c5 2. Nf3 Nc6 3. d4 cxd4 4. Nxd4 e6 5. Nc3 a6 6. g4 Nxd4 7. Qxd4 Ne7 8. Bf4 Nc6 9. Qd2 Qa5 10. O-O-O Be7 11. Kb1 O-O 12. Bg2 d6 13. h3 Rd8 14. Ne2 Qc7 15. Bg5 b5 16. Bxe7 Qxe7 17. f4 Bb7 18. Rhf1 Rac8 19. Ng3 Qc7 20. f5 Qa5 21. Qf4 Nb4 22. a3 Qa4 23. axb4 Qxc2+ 24. Ka2 Rc3 25. Ka1 e5 26. Qxe5 Rcc8 27. Rxd6 Re8 28. Qd4 Qxg2 29. Rg1 Qc2 30. Re1 Qa4+ 31. Kb1 a5 32. Nh5 f6 33. Rd7 Bxe4+ 34. Rxe4 Qc2+ 35. Ka2 Qa4+ 36. Kb1 Qc2+ 37. Ka2 1/2-1/2

[Event "WYCC U18 Open 2019"]
[Site "Mumbai"]
[Date "2019.10.04"]
[Round "4.13"]
[White "Wang, Shixu B"]
[Black "Timoshin, Andrei"]
[Result "1-0"]
[ECO "D53"]
[WhiteElo "2370"]
[BlackElo "2270"]
[Annotator "NA"]
[PlyCount "57"]
[EventDate "2019.10.02"]
[EventType "swiss"]
[EventCountry "IND"]
[SourceTitle "playchess.com"]
[Source "ChessBase"]
[SourceQuality "1"]
[TimeControl "40/5400+30:1800+30"]

1. d4 d5 2. c4 e6 3. Nc3 Nf6 4. Bg5 Be7 5. e3 c6 6. Nf3 Nbd7 7. Qc2 O-O 8. Bd3 dxc4 9. Bxc4 b5 10. Bd3 Bb7 11. O-O a6 12. Rfd1 h6 13. Bh4 Rc8 14. Qe2 Qb6 15. e4 g5 16. Bg3 Nh5 17. e5 Nxg3 18. hxg3 Rfd8 19. Be4 Qa7 20. a3 b4 21. axb4 Bxb4 22. Bd3 a5 23. Ne4 Kg7 24. Nfxg5 hxg5 25. Nxg5 Be7 26. Nxe6+ fxe6 27. Qg4+ Kf8 28. Qxe6 Nxe5 29. Qh6+ 1-0

[Event "WYCC U18 Open 2019"]
[Site "Mumbai"]
[Date "2019.10.04"]
[Round "4.14"]
[White "Theekshana, H G Denuwan"]
[Black "Kozak, Antoni"]
[Result "0-1"]
[ECO "A61"]
[WhiteElo "1886"]
[BlackElo "2354"]
[Annotator "NA"]
[PlyCount "116"]
[EventDate "2019.10.02"]
[EventType "swiss"]
[EventCountry "IND"]
[SourceTitle "playchess.com"]
[Source "ChessBase"]
[SourceQuality "1"]
[TimeControl "40/5400+30:1800+30"]

1. d4 Nf6 2. Nf3 c5 3. d5 e6 4. c4 exd5 5. cxd5 d6 6. Nc3 g6 7. e4 Bg7 8. h3 O-O 9. Qc2 a6 10. a4 Nbd7 11. Bf4 Qe7 12. Bd3 Nh5 13. Be3 Ne5 14. Be2 f5 15. Nxe5 Bxe5 16. Bxh5 gxh5 17. f4 Bg7 18. Kf2 Re8 19. e5 dxe5 20. Ne2 b6 21. Qc4 a5 22. d6+ Be6 23. Qxc5 Qh4+ 24. g3 Qf6 25. fxe5 Qf7 26. Qc7 Bd7 27. Bf4 Rac8 28. Qxb6 h4 29. Rac1 hxg3+ 30. Nxg3 Rb8 31. Qd4 Rb4 32. Qd2 Qa2 33. Rc2 Reb8 34. Rhc1 Rxb2 35. Ne2 Bxa4 36. Rxb2 Rxb2 37. Rc8+ Kf7 38. Rc7+ Kf8 39. Rc8+ Kf7 40. Qe3 Bb5 41. e6+ Qxe6 42. Rc7+ Bd7 43. Qf3 Kg8 44. Qa8+ Bf8 45. Qg2+ Kh8 46. Qf3 Kg8 47. Qg2+ Bg7 48. Qa8+ Kf7 49. Qf3 h6 50. Bc1 Ra2 51. Be3 Kg8 52. Qa8+ Kh7 53. Qb7 Qxd6 54. Rxd7 Qh2+ 55. Kf3 Qxh3+ 56. Kf2 Qh2+ 57. Kf3 Qxe2+ 58. Kf4 Qg4# 0-1

[Event "WYCC U18 Open 2019"]
[Site "Mumbai"]
[Date "2019.10.04"]
[Round "4.15"]
[White "Stoleriu, George"]
[Black "Omorjan, Dejan"]
[Result "1/2-1/2"]
[ECO "B15"]
[WhiteElo "2351"]
[BlackElo "2252"]
[Annotator "NA"]
[PlyCount "186"]
[EventDate "2019.10.02"]
[EventType "swiss"]
[EventCountry "IND"]
[SourceTitle "playchess.com"]
[Source "ChessBase"]
[SourceQuality "1"]
[TimeControl "40/5400+30:1800+30"]

1. e4 c6 2. d4 d5 3. Nc3 dxe4 4. Nxe4 Nf6 5. Nxf6+ exf6 6. c3 Bd6 7. Bd3 O-O 8. Ne2 Re8 9. Qc2 h5 10. Bd2 Nd7 11. O-O-O Nf8 12. Kb1 Be6 13. c4 Rc8 14. Nc3 Be7 15. Be3 Qa5 16. Qa4 Qxa4 17. Nxa4 Rcd8 18. Nc3 Bb4 19. Ne2 g6 20. h3 Bd6 21. Nc3 Bb8 22. Rhe1 f5 23. f4 Nh7 24. Bf2 Nf6 25. Bh4 Kg7 26. d5 cxd5 27. cxd5 Nxd5 28. Bxd8 Nxc3+ 29. bxc3 Rxd8 30. Rf1 Rc8 31. Kb2 Rc5 32. Bc2 Bd5 33. Rf2 h4 34. Bb3 Bc6 35. Rd4 Bc7 36. Re2 Kf6 37. Red2 Bb8 38. Bd5 Bxf4 39. Rxf4 Rxd5 40. Rxd5 Bxd5 41. Rf2 Ke5 42. Kc1 f4 43. Kd1 f3 44. gxf3 Kf4 45. Ke2 f5 46. a4 g5 47. a5 a6 48. c4 Bxc4+ 49. Ke1 Bd5 50. Rd2 Bxf3 51. Kf2 g4 52. Rd4+ Be4 53. Rc4 gxh3 54. Kg1 Ke3 55. Rc1 Bd3 56. Re1+ Be2 57. Rb1 Bf3 58. Rb3+ Kf4 59. Rb4+ Kg3 60. Rb2 Be4 61. Rb3+ Kg4 62. Rb4 Kg5 63. Rb3 Bg2 64. Kf2 Kg4 65. Kg1 Bc6 66. Rb4+ f4 67. Rb3 Bg2 68. Rb2 Kf5 69. Re2 Be4 70. Kh2 f3 71. Rd2 Kf4 72. Kg1 Ke3 73. Rh2 Bf5 74. Rb2 Be6 75. Rh2 Kd4 76. Rb2 Bd5 77. Rh2 Bc6 78. Rxh3 Ke3 79. Rh2 Be4 80. Rb2 Bd3 81. Rh2 Be2 82. Rf2 Kd2 83. Rh2 Ke1 84. Rf2 h3 85. Rh2 Bf1 86. Rb2 Be2 87. Rb1+ Kd2 88. Kf2 h2 89. Rh1 Kc3 90. Rxh2 Kb4 91. Rh7 Kxa5 92. Rxb7 Ka4 93. Rb1 Ka5 1/2-1/2

[Event "WYCC U18 Open 2019"]
[Site "Mumbai"]
[Date "2019.10.04"]
[Round "4.16"]
[White "Manu David Suthandram R"]
[Black "Sibi Visal R"]
[Result "1/2-1/2"]
[ECO "A01"]
[WhiteElo "2403"]
[BlackElo "2064"]
[Annotator "NA"]
[PlyCount "74"]
[EventDate "2019.10.02"]
[EventType "swiss"]
[EventCountry "IND"]
[SourceTitle "playchess.com"]
[Source "ChessBase"]
[SourceQuality "1"]
[TimeControl "40/5400+30:1800+30"]

1. b3 d5 2. Bb2 Nf6 3. e3 Bf5 4. Nf3 e6 5. Be2 Be7 6. O-O h6 7. d3 O-O 8. Nbd2 c5 9. Ne5 Nfd7 10. e4 Bh7 11. Nxd7 Nxd7 12. Qc1 Qc7 13. f4 c4 14. bxc4 dxe4 15. Nxe4 Bxe4 16. dxe4 Nb6 17. Kh1 Nxc4 18. Bd4 e5 19. fxe5 Nxe5 20. Qb2 Bf6 21. Rab1 b6 22. a4 Rad8 23. c3 Nd7 24. a5 Be5 25. axb6 Nxb6 26. Bxb6 axb6 27. Qxb6 Bxh2 28. Qxc7 Bxc7 29. Rb7 Be5 30. Bc4 Bxc3 31. Rbxf7 Rxf7 32. Bxf7+ Kh7 33. Kh2 Be5+ 34. Kh3 Rd4 35. Be6 h5 36. Rf5 Rd3+ 37. g3 Rxg3+ 1/2-1/2

[Event "WYCC U18 Open 2019"]
[Site "Mumbai"]
[Date "2019.10.06"]
[Round "6.1"]
[White "Gholami, Aryan"]
[Black "Praggnanandhaa R"]
[Result "1/2-1/2"]
[ECO "A05"]
[WhiteElo "2554"]
[BlackElo "2567"]
[Annotator "ChessBase"]
[PlyCount "77"]
[EventDate "2019.10.02"]
[EventType "swiss"]
[EventCountry "IND"]
[SourceTitle "playchess.com"]
[Source "ChessBase"]
[SourceQuality "1"]
[TimeControl "40/5400+30:1800+30"]

1. Nf3 Nf6 2. g3 d5 3. Bg2 e6 4. O-O Be7 5. c4 O-O 6. b3 c5 7. Bb2 Nc6 8. cxd5 Nxd5 9. d4 cxd4 10. Nxd4 Bd7 11. e4 Ndb4 12. a3 Nxd4 13. Qxd4 e5 14. Qd1 Nc6 15. Nc3 Bc5 16. Nd5 Be6 17. b4 Bd4 18. Rb1 a6 19. a4 b5 20. axb5 axb5 21. Qe2 Bxb2 22. Qxb2 f5 23. Rfd1 Nd4 24. f4 fxe4 25. fxe5 Qxd5 26. Qxd4 Rad8 27. Qxd5 Bxd5 28. Re1 Kf7 29. Rbc1 Rc8 30. Rcd1 Rcd8 31. Rd2 Bb7 32. Rc2 Rc8 33. Rf2+ Ke7 34. Rxf8 Rxf8 35. Bxe4 Bxe4 36. Rxe4 Ke6 37. Rd4 Rf5 38. Rd6+ Kxe5 39. Rd7 1/2-1/2

[Event "WYCC U18 Open 2019"]
[Site "Mumbai"]
[Date "2019.10.06"]
[Round "6.2"]
[White "Buckels, Valentin"]
[Black "Iniyan, P."]
[Result "1/2-1/2"]
[ECO "A04"]
[WhiteElo "2442"]
[BlackElo "2509"]
[Annotator "ChessBase"]
[PlyCount "100"]
[EventDate "2019.10.02"]
[EventType "swiss"]
[EventCountry "IND"]
[SourceTitle "playchess.com"]
[Source "ChessBase"]
[SourceQuality "1"]
[TimeControl "40/5400+30:1800+30"]

1. Nf3 c5 2. c4 Nc6 3. b3 e5 4. Nc3 g6 5. g3 Bg7 6. Bg2 Nge7 7. O-O O-O 8. Bb2 d6 9. d3 h6 10. Ne1 Be6 11. Nd5 a5 12. Nc2 Bxd5 13. cxd5 Nb4 14. e4 Nxc2 15. Qxc2 Qd7 16. a4 g5 17. Qe2 f5 18. Bh3 g4 19. Bg2 f4 20. f3 h5 21. gxf4 exf4 22. Bxg7 Kxg7 23. e5 Nxd5 24. e6 Qe7 25. fxg4 Ne3 26. gxh5 Kh6 27. Rxf4 Rxf4 28. Qxe3 Qg5 29. Re1 Rg8 30. Re2 Rf5 31. Qxg5+ Rfxg5 32. e7 Re5 33. Rxe5 dxe5 34. Kf2 Re8 35. Bxb7 Rxe7 36. Bf3 Rf7 37. Ke3 Rf4 38. Be4 Kxh5 39. Kd2 Rf2+ 40. Kc3 Rxh2 41. Kc4 Rc2+ 42. Kd5 Rc3 43. Kxe5 Rxb3 44. Kd6 Ra3 45. Bc6 Rc3 46. Bb5 Kg4 47. Bc4 Ra3 48. Bb5 Rc3 49. Bc4 Ra3 50. Bb5 Rc3 1/2-1/2

[Event "WYCC U18 Open 2019"]
[Site "Mumbai"]
[Date "2019.10.06"]
[Round "6.3"]
[White "Sydoryka, Vladyslav"]
[Black "Petriashvili, Nikoloz"]
[Result "0-1"]
[ECO "A06"]
[WhiteElo "2247"]
[BlackElo "2441"]
[Annotator "ChessBase"]
[PlyCount "72"]
[EventDate "2019.10.02"]
[EventType "swiss"]
[EventCountry "IND"]
[SourceTitle "playchess.com"]
[Source "ChessBase"]
[SourceQuality "1"]
[TimeControl "40/5400+30:1800+30"]

1. Nf3 d5 2. g3 c5 3. c4 d4 4. b4 cxb4 5. a3 bxa3 6. Bg2 Nc6 7. O-O Nf6 8. e3 e6 9. Bxa3 Bxa3 10. Nxa3 O-O 11. exd4 Nxd4 12. Nxd4 Qxd4 13. Qe2 Rd8 14. Nb5 Qd3 15. Qxd3 Rxd3 16. Nc7 Rb8 17. Rfb1 Nd7 18. Rxa7 Rxd2 19. Rb5 Rd1+ 20. Bf1 b6 21. Na6 Bxa6 22. Rxa6 Rc8 23. Kg2 Kf8 24. h4 Rc7 25. Ra8+ Ke7 26. Rg8 g6 27. h5 Rd2 28. hxg6 hxg6 29. Ra8 Rc5 30. Rb3 g5 31. Re3 Re5 32. Rxe5 Nxe5 33. Rb8 Ng4 34. Rxb6 Rxf2+ 35. Kg1 Rc2 36. Rb3 f5 0-1

[Event "WYCC U18 Open 2019"]
[Site "Mumbai"]
[Date "2019.10.06"]
[Round "6.4"]
[White "Zhalmakhanov, Ramazan"]
[Black "Sargsyan, Shant"]
[Result "0-1"]
[ECO "C70"]
[WhiteElo "2374"]
[BlackElo "2580"]
[Annotator "ChessBase"]
[PlyCount "76"]
[EventDate "2019.10.02"]
[EventType "swiss"]
[EventCountry "IND"]
[SourceTitle "playchess.com"]
[Source "ChessBase"]
[SourceQuality "1"]
[TimeControl "40/5400+30:1800+30"]

1. e4 e5 2. Nf3 Nc6 3. Bb5 a6 4. Ba4 g6 5. O-O b5 6. Bb3 Bg7 7. c3 Nge7 8. d4 exd4 9. cxd4 d6 10. d5 Na5 11. Bd2 Nxb3 12. Qxb3 c5 13. Bc3 f6 14. Qc2 b4 15. Be1 a5 16. Nbd2 f5 17. Nc4 O-O 18. Nfd2 fxe4 19. Nxe4 Nf5 20. Bd2 Ba6 21. Rae1 a4 22. Ng5 Nd4 23. Qd3 Rf5 24. Ne6 Nxe6 25. Rxe6 Bxb2 26. g4 Rf7 27. Qe4 Bxc4 28. Qxc4 Qh4 29. Kg2 Raf8 30. Qe2 Rf3 31. Qxf3 Rxf3 32. Kxf3 Qh3+ 33. Ke2 Qxg4+ 34. f3 Qc4+ 35. Kf2 Qxd5 36. Re2 Bd4+ 37. Kg2 Be5 38. Rfe1 b3 0-1

[Event "WYCC U18 Open 2019"]
[Site "Mumbai"]
[Date "2019.10.06"]
[Round "6.5"]
[White "Gumularz, Szymon"]
[Black "Davtyan, Artur"]
[Result "0-1"]
[ECO "D31"]
[WhiteElo "2505"]
[BlackElo "2418"]
[Annotator "ChessBase"]
[PlyCount "64"]
[EventDate "2019.10.02"]
[EventType "swiss"]
[EventCountry "IND"]
[SourceTitle "playchess.com"]
[Source "ChessBase"]
[SourceQuality "1"]
[TimeControl "40/5400+30:1800+30"]

1. d4 d5 2. c4 e6 3. Nc3 Be7 4. cxd5 exd5 5. Bf4 c6 6. e3 Bf5 7. Nge2 Nd7 8. Ng3 Bg6 9. Be2 Ngf6 10. h4 h5 11. Rc1 Qb6 12. O-O Kf8 13. Bd3 Bxd3 14. Qxd3 g6 15. e4 dxe4 16. Ngxe4 Kg7 17. d5 Rae8 18. Nxf6 Bxf6 19. dxc6 Qxc6 20. Nd5 Qa4 21. Rc4 Qxa2 22. Rc7 Ne5 23. Qb5 Bxh4 24. Qxb7 Rhf8 25. g3 Bd8 26. Rc8 Nf3+ 27. Kg2 Ne1+ 28. Kg1 Qb1 29. Nc3 Qd3 30. Qxa7 h4 31. f3 Nxf3+ 32. Kg2 h3+ 0-1